 Dungeon Crawl Stone Soup version 0.10.2-40-g36e0077 character file.

221745 joop the Sensei (level 20, -3/169 HPs)
             Began as a Merfolk Monk on June 1, 2012.
             Was an Elder of Fedhas (penitent).
             Slain by a four-headed hydra (11 damage)
             ... on Level 5 of the Swamp on June 2, 2012.
             The game lasted 07:54:14 (74793 turns).

joop the Sensei (Merfolk Monk)                     Turns: 74793, Time: 07:54:17

HP  -3/169       AC 21     Str 12      XL: 20   Next: 18%
MP   0/30        EV 13     Int 13      God: *Fedhas
Gold 1263        SH 18     Dex 24      Spells:  9 memorised,  6 levels left

Res.Fire  : . . .   See Invis. : .     - Unarmed
Res.Cold  : . . .   Warding    : . . c - +2 elf ring mail {MR}
Life Prot.: . . .   Conserve   : .   i - +2 buckler {rflct}
Res.Acid. : . . .   Res.Corr.  : .   J - +1 helmet {Int+3}
Res.Poison: .       Clarity    : .   j - +1 cloak
Res.Elec. : .       Spirit.Shd : +   O - +2 pair of gauntlets
Sust.Abil.: . .     Stasis     : .   o - +2 pair of elf boots {run}
Res.Mut.  : .       Ctrl.Telep.: .   v - cursed amulet of guardian spirit
Res.Rott. : .       Levitation : .   Z - +6,+2 ring of slaying
Saprovore : . . .   Ctrl.Flight: .   d - +5,+5 ring of slaying

@: studying Traps & Doors, quick, extremely resistant to hostile enchantments,
stealthy
A: change form in water, swift swim, -10% mp, magic resistance 1, screaming 2,
AC +1
a: Renounce Religion


You were on level 5 of the Swamp.
You worshipped Fedhas.
Fedhas was demanding penance.
You were not hungry.

You visited 6 branches of the dungeon, and saw 45 of its levels.
You visited 2 portal chambers: sewer, ice cave.

You collected 3895 gold pieces.
You spent 2632 gold pieces at shops.

Inventory:

Hand weapons
 b - a +2,+3 eudemon blade of holy wrath
Armour
 c - a +2 elven ring mail of magic resistance (worn)
 i - a +2 buckler of reflection (worn)
 j - a +1 cloak (worn)
 o - a +2 pair of elven boots of running (worn)
 J - a +1 helmet of intelligence (worn)
 O - a +2 pair of gauntlets (worn)
 R - the cursed +1 pair of boots of Woawn {Dex+4 Int+4 Acc+4}
   (You bought it in a shop on level 7 of the Dungeon)

   It affects your intelligence (+4).
   It affects your dexterity (+4).
   It affects your accuracy (+4).
   It has a curse placed upon it.
Magical devices
 h - a wand of teleportation (7)
 l - a wand of teleportation (8)
 F - a wand of draining (3)
 L - a wand of fireball (3)
 X - a wand of slowing (8)
Comestibles
 g - 8 honeycombs
Scrolls
 a - 5 scrolls of remove curse
 f - 5 scrolls of detect curse
 m - 2 scrolls of enchant armour
 n - a scroll of fog
 p - a scroll of enchant weapon I
 r - a scroll of enchant weapon II
 x - 7 scrolls of teleportation
 B - 2 scrolls of holy word
 G - 5 scrolls of identify
 I - 3 scrolls of magic mapping
 N - 3 scrolls of recharging
 Q - a scroll of vulnerability
 U - a scroll of amnesia
Jewellery
 d - a +5,+5 ring of slaying (left hand)
 k - an uncursed ring of sustenance
 q - an uncursed ring of ice
 t - the ring of Ujaefef {rC+ MP+9 Dex+2}
   (You found it on level 5 of the Dungeon)

   [ring of magical power]

   It affects your dexterity (+2).
   It protects you from cold.
 v - a cursed amulet of guardian spirit (around neck)
 y - a cursed amulet of resist mutation
 A - an uncursed ring of protection from magic
 E - an uncursed ring of fire
 K - an uncursed amulet of controlled flight
 M - a cursed ring of protection from fire
 W - an uncursed ring of ice
 Z - a +6,+2 ring of slaying (right hand)
Potions
 e - 2 potions of levitation
 z - a potion of speed
 C - a potion of restore abilities
 H - a potion of brilliance
 T - 2 potions of magic
Books
 u - a manual of Traps & Doors (studied) You are currently studying this manual.
 w - a book of Minor Magic

   Spells                             Type                      Level
   Magic Dart                         Conjuration                  1
   *Blink                             Translocation                2
   Call Imp                           Summoning                    2
   *Repel Missiles                    Charms/Air                   2
   Slow                               Hexes                        2
   *Conjure Flame                     Conjuration/Fire             3
   *Mephitic Cloud                    Conjuration/Poison/Air       3


   Skills:
 + Level 19,5 Fighting
 - Level 3,0 Slings
 - Level 8,3 Armour
 - Level 5,0 Dodging
 - Level 2,2 Stealth
 - Level 1,1 Stabbing
 - Level 10,0 Shields
 - Level 4,4 Traps & Doors
 + Level 22,8 Unarmed Combat
 - Level 4,5 Spellcasting
 - Level 0,2 Conjurations
 * Level 5,9 Charms
 - Level 1,6 Summonings
 * Level 4,4 Translocations
 - Level 1,3 Ice Magic
 - Level 14,5 Invocations
 - Level 5,5 Evocations


You had 6 spell levels left.
You knew the following spells:

 Your Spells              Type           Power        Failure   Level  Hunger
a - Recall                Tloc/Summ      N/A          17%         3    Choko
b - Throw Frost           Ice/Conj       #......      24%         2    Strawberry
c - Beastly Appendage     Trmt           #......      21%         1    None
d - Blink                 Tloc           N/A          6%          2    Strawberry
e - Shroud of Golubria    Chrm/Tloc      ####......   4%          2    Strawberry
f - Repel Missiles        Air/Chrm       ###.......   10%         2    Strawberry
g - Conjure Flame         Fire/Conj      #........    65%         3    Choko
h - Mephitic Cloud        Pois/Air/Conj  #........    65%         3    Choko
i - Control Teleport      Chrm/Tloc      ####......   28%         4    Honeycomb

Dungeon Overview and Level Annotations

Branches:
Dungeon (23/27)            Temple (1/1) D:5             Orc (4/4) D:9
    Elf (0/5) Orc:3          Lair (8/8) D:10          Swamp (5/5) Lair:4
  Slime (0/6) Lair:7        Snake (0/5) Lair:4        Vault (4/8) D:19
  Blade (0/1) Vault:4       Crypt (0/5) Vault:2

Altars:
Ashenzari
Cheibriados
Elyvilon
Fedhas
Kikubaaqudgha
Makhleb
Nemelex Xobeh
Okawaru
Sif Muna
The Shining One
Trog
Vehumet
Xom
Yredelemnul
Zin

Shops:
D:5: [ D:7: [ D:16: / D:19: * D:20: ? D:22: * Orc:4: =+![[ Vault:1: + Vault:3: [[

Portals:
Hell: D:21 D:22
Abyss: D:22

Annotations
D:6 Prince Ribbit
D:9 exclusion: ice statue
Swamp:5 Wiglaf Port exclusion: ice statue


Innate Abilities, Weirdness & Mutations

You revert to your normal form in water.
You are very nimble and swift while swimming.
You are partially covered in icy blue scales (AC +1).
Your magical capacity is low (-10% MP).
You are resistant to hostile enchantments.
You sometimes yell uncontrollably.


Message History

The four-headed hydra resists with some effort.
The four-headed hydra looks frightened!
The swamp dragon looks frightened!
The swamp dragon looks frightened!
The baby alligator looks frightened!
The baby alligator looks frightened!
Your butterfly disappears in a puff of smoke!
The baby alligator is engulfed in poison gas.
The baby alligator is poisoned.
Drink which item? (? for menu, Esc to quit)
Okay, then.
There is some shallow water here.
There is some shallow water here.
You feel quick. The four-headed hydra bites you!
* * * LOW MAGIC WARNING * * *;
* * * LOW HITPOINT WARNING * * *
The four-headed hydra bites you.
* * * LOW HITPOINT WARNING * * *
The four-headed hydra barely misses you.
The four-headed hydra bites you!
* * * LOW MAGIC WARNING * * *
You die...
Fedhas appreciates your contribution to the ecosystem.

..≈§≈≈♣♣≈≈≈..≈≈§≈♣♣≈.$...≈≈≈≈§...
...≈≈≈≈≈.≈≈≈.§.§≈♣≈♣≈≈....§≈≈...≈
...≈≈≈≈≈≈≈D.≈§.≈♣§≈≈♣≈.≈.≈≈.≈≈§.≈
.≈.≈≈≈...D≈D≈≈.≈♣§♣≈≈≈§.≈≈..≈♣§..
≈♣≈.≈≈≈≈≈§≈≈≈...≈{≈≈§≈b.≈..≈§≈≈♣≈
≈≈≈..≈≈≈≈§..t...≈...≈.§≈..≈≈♣≈♣≈♣
.≈≈≈..≈≈≈.D...≈≈≈≈§..≈≈.≈.≈≈≈≈♣♣♣
≈≈≈♣≈.≈≈≈|§≈..≈D≈...§...≈.≈≈.≈♣♣
♣♣♣♣≈≈...≈♣♣≈...@≈≈♣≈≈.≈♣≈..≈♣§
♣♣§≈♣≈≈≈♣§♣♣♣§≈≈≈♣♣≈♣≈§≈≈≈♣♣♣♣
♣♣♣≈♣♣♣≈≈♣♣♣≈≈≈♣≈≈♣♣≈♣≈≈♣≈≈♣♣
≈≈≈≈≈♣♣≈♣≈≈♣≈♣≈♣≈≈≈≈♣♣§≈♣♣♣≈
≈♣♣≈♣♣§♣♣♣♣♣♣♣♣♣≈♣≈§♣≈♣≈≈≈≈
♣♣♣♣♣♣♣♣♣♣♣♣♣♣♣♣♣♣♣♣♣♣♣♣♣♣
♣♣♣♣♣♣♣ ♣♣♣♣♣♣♣


You could see 2 four-headed hydras, a swamp dragon (fleeing) and a baby
alligator (fleeing).

Vanquished Creatures
  Norris (Swamp:3)
  Nikola (Swamp:2)
  Kirke (Swamp:4)
  Rupert (Lair:4)
  Agnes (Swamp:1)
  Frances (Vault:3)
  A frost giant (Port)
  Gastronok (Lair:4)
  2 stone giants
  A wandering mushroom (Swamp:5)
  The ghost of Bogman the Impaler, a powerful MfAK of Lugonu (D:14)
  A vampire knight (D:20)
  10 yaktaur captains
  3 dragons (D:19)
  An ice dragon (D:22)
  8 ogre magi
  Erica (D:12)
  21 hydras
  4 death yaks
  4 alligators
  An orc high priest (Orc:4)
  2 sphinx skeletons (Vault:2)
  An elf (shapeshifter) (D:19)
  12 stone giant skeletons
  2 very ugly things
  15 centaur warriors
  4 frost giant skeletons
  An ice devil (Vault:3)
  A fire giant skeleton (Vault:3)
  2 deep elf knights
  2 skeletal warriors
  A brown ooze (Lair:7)
  An iron troll (Vault:3)
  An unseen horror (D:14)
  14 hill giants
  A flayed ghost (D:22)
  8 orc knights
  3 orc sorcerers
  3 giant amoebae
  A swamp dragon (Swamp:5)
  A vampire mage (D:20)
  5 griffons
  4 harpies (Vault:3)
  12 cyclopes
  6 feature mimics
  A harpy skeleton (D:20)
  Maurice (D:8)
  A wolf spider (shapeshifter) (D:20)
  4 elephant slugs
  4 deep elf fighters
  6 rock trolls
  2 red wasps
  63 slime creatures
  A sixfirhy (D:21)
  21 yaktaurs
  A griffon zombie (D:17)
  9 elephants (Lair:8)
  A wolf spider (D:20)
  An ettin skeleton (D:19)
  A griffon skeleton (D:12)
  A dragon skeleton (D:19)
  5 spiny frogs
  A hellwing (D:21)
  42 ugly things
  10 trolls
  Grinder (D:4)
  3 komodo dragons
  A queen bee (Lair:5)
  15 polar bears
  18 two-headed ogres
  A deep elf priest (Vault:3)
  17 blink frogs
  4 spriggans (shapeshifter)
  6 bog mummies
  A deep troll skeleton (Vault:3)
  A basilisk (shapeshifter) (D:17)
  4 basilisks
  3 rock troll skeletons
  A giant firefly (D:14)
  A grizzly bear (shapeshifter) (D:16)
  A grizzly bear (Lair:6)
  A blue devil (Vault:1)
  3 wyverns
  A draconian (shapeshifter) (D:19)
  An ettin simulacrum (D:21)
  A deep elf conjurer (Vault:3)
  5 bumblebees (Lair:6)
  2 fire drakes (Lair:7)
  2 sharks (D:20)
  25 vampire mosquitoes
  69 yaks
  A wood golem (D:16)
  8 vampires
  8 war dogs
  2 wraiths
  3 hungry ghosts
  2 rock worms (Vault:1)
  An item mimic (D:20)
  7 hippogriffs
  Edmund (D:6)
  3 mottled dragons
  A manticore (D:14)
  A jumping spider (D:14)
  A necrophage (Swamp:4)
  2 yaktaur skeletons
  53 swamp worms
  A small abomination (Lair:6)
  A black bear (shapeshifter) (D:16)
  A cyclops skeleton (D:14)
  A soldier ant (D:18)
  5 freezing wraiths
  A kobold demonologist (Vault:1)
  29 orc warriors
  3 sky beasts
  3 giant goldfish
  44 ogres
  11 swamp drakes
  38 insubstantial wisps
  11 crocodiles
  An ice beast (D:12)
  11 wolves (Port)
  3 big kobolds
  A deep elf mage (Vault:3)
  6 wargs
  A yak skeleton (D:16)
  Duvessa (D:7)
  18 centaurs
  6 giant slugs
  A rotting devil (Vault:3)
  7 giant leeches
  A silver statue (D:21)
  A tarantella (D:14)
  A water moccasin (shapeshifter) (D:13)
  11 water moccasins
  27 giant frogs
  6 agate snails
  3 basilisk skeletons
  An eye of draining (D:14)
  6 jellyfish
  38 killer bees
  3 lava fish (D:8)
  5 boulder beetles
  5 electric eels
  15 crimson imps
  Dowan (D:7)
  4 big kobold skeletons
  A goliath beetle (D:14)
  15 orc priests
  2 shadows
  4 quasits
  5 scorpions
  3 hounds
  A spider (D:14)
  7 big fish
  An iron imp (D:21)
  18 orc wizards
  3 hound skeletons
  11 porcupines
  3 worker ants
  13 orange rats
  10 iguanas
  18 sheep
  Jessica (D:2)
  6 jellies
  6 flying skulls (D:20)
  30 adders
  2 giant centipedes (Lair:3)
  11 gnolls
  55 green rats
  2 shadow imps (D:21)
  9 human skeletons (D:20)
  An iguana skeleton (D:11)
  2 adder skeletons
  6 giant mites
  8 worms
  An ufetubus (D:14)
  8 grey rats (D:20)
  A bat skeleton (D:6)
  A giant eyeball (D:8)
  10 giant geckos
  3 oozes
  126 orcs
  5 ball pythons
  43 bats
  8 giant cockroaches
  16 hobgoblins
  32 jackals
  8 quokkas
  A giant gecko skeleton (D:13)
  13 giant newts
  A giant spore (D:12)
  21 goblins
  A hobgoblin skeleton (D:8)
  32 kobolds
  2 orc skeletons
  A quokka skeleton (D:6)
  37 rats
  A rat skeleton (D:11)
  A rat zombie (D:3)
  A ballistomycete (D:13)
  A fungus (D:4)
  5 plants (Port)
1594 creatures vanquished.

Vanquished Creatures (collateral kills)
  Mennas (Vault:3)
  A storm dragon (Vault:3)
  A yaktaur captain (Vault:3)
  A great orb of eyes (D:19)
  8 hydras
  An ogre mage (Orc:4)
  10 death yaks
  9 wandering mushrooms
  A rakshasa (D:18)
  A frost giant skeleton (Vault:3)
  A black mamba (Lair:8)
  A centaur warrior (Vault:3)
  A skeletal warrior (D:18)
  A brown ooze (Lair:7)
  An orc knight (D:22)
  Erolcha (D:11)
  The ghost of Tasonir the Ruffian, an experienced TrMo of Cheibriados (D:7)
  A giant amoeba (Lair:7)
  A shining eye (shapeshifter) (D:19)
  A griffon (Lair:6)
  Urug (Orc:2)
  2 swamp dragons (Swamp:5)
  3 hill giants
  2 statues (D:22)
  4 spiny frogs
  An elephant (Lair:8)
  3 slime creatures
  2 orange demons (Orc:4)
  3 yaktaurs (Vault:3)
  11 ugly things
  3 polar bears (Port)
  2 two-headed ogres (Orc:4)
  5 blink frogs
  5 trolls (Orc:4)
  A basilisk (Lair:5)
  A deep troll skeleton (Vault:3)
  A ynoxinul (Orc:4)
  A steam dragon (Lair:1)
  21 yaks
  A war dog (Lair:1)
  A hippogriff (Lair:2)
  2 vampire mosquitoes (Swamp:5)
  A yaktaur skeleton (Vault:4)
  2 insubstantial wisps (Swamp:3)
  5 orc warriors
  3 swamp worms
  6 ice beasts
  4 sky beasts
  A yellow wasp (D:8)
  4 swamp drakes
  A phantom (D:8)
  2 centaurs (D:11)
  A boring beetle (Lair:8)
  2 crocodiles
  3 ogres (Orc:4)
  3 wolves (Port)
  3 giant slugs
  4 giant frogs
  A lava fish (D:8)
  28 killer bees
  A crimson imp (D:12)
  A goliath beetle (D:8)
  A big fish (D:16)
  A hound (Lair:1)
  9 orc priests
  2 iguanas (Lair:5)
  6 porcupines
  A worker ant (D:19)
  4 orc wizards
  2 sheep
  3 jellies
  5 adders
  A giant centipede (Lair:3)
  2 lemures (D:14)
  An adder skeleton (D:14)
  7 green rats
  An ufetubus (D:14)
  2 grey rats (D:20)
  A human skeleton (D:20)
  43 orcs
  A hobgoblin (D:10)
  10 jackals
  2 quokkas
  4 bats
  A goblin (D:12)
  6 illusory rakshasas (D:18)
  A kobold (D:11)
  2 rats
  2 crawling corpses (Vault:3)
  2 toadstools
319 creatures vanquished.

Vanquished Creatures (others)
  A ghoul (Vault:2)
  8 oklob plants
  2 hyperactive ballistomycetes
  An ogre mage (D:20)
  A stone giant skeleton (D:20)
  A vapour (Swamp:4)
  A wizard (D:14)
  A spiny worm zombie (D:12)
  A yaktaur (shapeshifter) (D:20)
  4 ugly things
  An agate snail zombie (D:20)
  110 wandering mushrooms
  A two-headed ogre (D:20)
  2 vampire mosquitoes (Swamp:2)
  A necrophage (D:8)
  A swamp worm (Swamp:2)
  An orc warrior (D:22)
  A bumblebee zombie (Vault:2)
  6 ogres (D:20)
  A boulder beetle zombie (D:20)
  2 soldier ant zombies
  2 giant frogs
  A boring beetle zombie (Vault:3)
  A giant leech (Swamp:5)
  2 water moccasins (Lair:7)
  6 humans (Swamp:4)
  A crimson imp (D:14)
  A hound (Lair:7)
  A worker ant zombie (D:7)
  2 adders
  A green rat (Lair:3)
  A scorpion zombie (D:9)
  3 giant centipede zombies
  3 orcs
  A hobgoblin (D:8)
  A giant spore (D:14)
  A rat (D:8)
  A bush (D:22)
  2 butterflies (Swamp:5)
  12 fungi
  13 plants
  1033 toadstools
1237 creatures vanquished.

Grand Total: 3150 creatures vanquished

Notes
Turn   | Place    | Note
--------------------------------------------------------------
     0 | D:1      | joop, the Merfolk Monk, began the quest for the Orb.
     0 | D:1      | Reached XP level 1. HP: 16/16 MP: 0/0
   471 | D:1      | Reached XP level 2. HP: 22/22 MP: 1/1
  1047 | D:2      | Noticed Jessica
  1055 | D:2      | Killed Jessica
  1055 | D:2      | Reached skill level 1 in Stabbing
  1055 | D:2      | Reached XP level 3. HP: 26/28 MP: 2/2
  1077 | D:2      | Reached skill level 5 in Dodging
  1573 | D:2      | Reached XP level 4. HP: 32/34 MP: 3/3
  1923 | D:3      | Reached skill level 5 in Unarmed Combat
  2465 | D:3      | Found a glowing drain.
  2488 | D:3      | Reached XP level 5. HP: 40/40 MP: 4/4 2502
                  | sewer
                  | Entered the sewers
  3405 | D:3      | Reached skill level 6 in Unarmed Combat
  3698 | D:3      | Found a sparkling altar of Nemelex Xobeh.
  3710 | D:3      | Reached XP level 6. HP: 45/47 MP: 5/5
  3823 | D:4      | Found a basalt altar of Yredelemnul.
  3827 | D:4      | Found a shattered altar of Ashenzari.
  3836 | D:4      | Got a glistering book
  3837 | D:4      | Identified Ashenzari's Incunabulum of Skeletal Cooking (You found it on level 4 of the Dungeon)
  3842 | D:4      | Noticed Grinder
  3853 | D:4      | Killed Grinder
  3853 | D:4      | Reached skill level 5 in Fighting
  3853 | D:4      | Reached skill level 7 in Unarmed Combat
  3853 | D:4      | Reached XP level 7. HP: 53/53 MP: 6/6
  5016 | D:5      | Entered Level 5 of the Dungeon
  5016 | D:5      | Found Onuast's Armour Boutique.
  5024 | D:5      | Bought a +0 shield for 65 gold pieces
  5024 | D:5      | Bought a +0 helmet for 39 gold pieces
  5077 | D:5      | Reached skill level 8 in Unarmed Combat
  5086 | D:5      | Got a pitted bronze ring
  5117 | D:5      | Identified the ring of Ujaefef (You found it on level 5 of the Dungeon)
  5512 | D:5      | Reached skill level 1 in Slings
  5556 | D:5      | Found a staircase to the Ecumenical Temple.
  5931 | Temple   | Entered the Ecumenical Temple
  6010 | Temple   | Became a worshipper of Fedhas Madash
  6010 | Temple   | Acquired Fedhas's first power
  6010 | Temple   | Acquired Fedhas's second power
  6168 | D:6      | Noticed Edmund
  6187 | D:6      | Killed Edmund
  6187 | D:6      | Reached XP level 8. HP: 39/61 MP: 7/7
  6304 | D:6      | Noticed Prince Ribbit
  6858 | D:6      | Reached skill level 9 in Unarmed Combat
  7114 | D:6      | Found a deep blue altar of Sif Muna.
  7711 | D:7      | Noticed Tasonir's ghost (experienced TrMo)
  7951 | D:7      | Noticed Duvessa
  7953 | D:7      | Noticed Dowan
  7966 | D:7      | Killed Duvessa
  7976 | D:7      | Killed Dowan
  8439 | D:7      | Reached skill level 10 in Unarmed Combat
  8476 | D:7      | Reached XP level 9. HP: 28/67 MP: 8/8
  8638 | D:7      | Killed Tasonir's ghost
  8751 | D:7      | Acquired Fedhas's third power
  8939 | D:7      | Reached skill level 1 in Invocations
  9180 | D:7      | Found Wammaz's Antique Armour Shop.
  9188 | D:7      | Bought a pair of crude boots for 182 gold pieces
  9218 | D:7      | Identified the +1 pair of boots of Woawn (You bought it in a shop on level 7 of the Dungeon)
  9354 | D:8      | Noticed Maurice
  9362 | D:8      | Killed Maurice
  9362 | D:8      | Reached skill level 1 in Evocations
  9437 | D:8      | Paralysed by a giant eyeball for 2 turns
  9485 | D:8      | Reached skill level 11 in Unarmed Combat
 10757 | D:9      | Found a staircase to the Orcish Mines.
 10777 | D:9      | Reached XP level 10. HP: 74/76 MP: 14/14
 11142 | D:9      | Noticed a clay golem
 11154 | D:9      | Noticed a yaktaur
 12620 | D:10     | Entered Level 10 of the Dungeon
 12825 | D:10     | Found a staircase to the Lair.
 13683 | D:10     | Reached skill level 12 in Unarmed Combat
 13943 | D:10     | Reached skill level 5 in Invocations
 14350 | D:10     | Acquired Fedhas's fourth power
 14673 | Lair:1   | Entered Level 1 of the Lair of Beasts
 15286 | Lair:1   | Reached skill level 13 in Unarmed Combat
 15322 | Lair:1   | Reached XP level 11. HP: 59/83 MP: 20/20
 16536 | Lair:2   | Reached skill level 10 in Fighting
 16586 | Lair:2   | Reached skill level 14 in Unarmed Combat
 17507 | Lair:2   | Found an iron altar of Okawaru.
 18394 | Lair:3   | Got a smoking ring mail
 18404 | Lair:3   | Identified the cursed -4 ring mail "Deaxof" (You found it on level 3 of the Lair of Beasts)
 18453 | Lair:3   | Reached skill level 15 in Unarmed Combat
 18479 | Lair:3   | Reached XP level 12. HP: 80/93 MP: 24/24
 18536 | Lair:3   | Reached skill level 1 in Shields
 18536 | Lair:3   | Reached skill level 10 in Invocations
 18635 | Lair:3   | Got an ichor-stained animal skin
 18642 | Lair:3   | Identified the +0 animal skin of the Untouchables (You found it on level 3 of the Lair of Beasts)
 19243 | Lair:3   | Acquired Fedhas's fifth power
 20171 | Lair:4   | Found a staircase to the Snake Pit.
 20196 | Lair:4   | Found a staircase to the Swamp.
 20432 | Lair:4   | Noticed Gastronok
 20473 | Lair:4   | Killed Gastronok
 20473 | Lair:4   | Reached skill level 16 in Unarmed Combat
 20574 | Lair:4   | Noticed Rupert
 20589 | Lair:4   | Killed Rupert
 20852 | Lair:4   | Learned a level 3 spell: Recall
 21239 | Lair:5   | Reached skill level 5 in Shields
 21635 | Lair:5   | Reached XP level 13. HP: 82/101 MP: 26/26
 21713 | Lair:5   | Reached skill level 17 in Unarmed Combat
 22021 | Lair:5   | Reached XP level 12. HP: 43/95 MP: 17/34
 22394 | Lair:5   | Reached XP level 13. HP: 55/101 MP: 16/27
 23171 | Lair:6   | Noticed a bumblebee
 23221 | Lair:6   | Learned a level 2 spell: Throw Frost
 23455 | Lair:6   | Noticed a bumblebee
 23455 | Lair:6   | Noticed a bumblebee
 23455 | Lair:6   | Noticed a bumblebee
 23456 | Lair:6   | Noticed a bumblebee
 23465 | Lair:6   | Killed a bumblebee
 23473 | Lair:6   | Killed a bumblebee
 23479 | Lair:6   | Killed a bumblebee
 23482 | Lair:6   | Killed a bumblebee
 23485 | Lair:6   | Killed a bumblebee
 24023 | Lair:7   | Noticed a wandering mushroom
 24270 | Lair:7   | Noticed a wandering mushroom
 24271 | Lair:7   | Noticed a wandering mushroom
 24287 | Lair:7   | Reached skill level 1 in Spellcasting
 24290 | Lair:7   | Noticed a wandering mushroom
 24353 | Lair:7   | Reached skill level 1 in Summonings
 24501 | Lair:7   | Found a staircase to the Slime Pits.
 24502 | Lair:7   | Reached skill level 1 in Translocations
 24539 | Lair:7   | Reached skill level 1 in Ice Magic
 24550 | Lair:7   | Killed a wandering mushroom
 24733 | Lair:7   | Killed a wandering mushroom
 25005 | Lair:7   | Killed a wandering mushroom
 25138 | Lair:7   | Killed a wandering mushroom
 25446 | Lair:8   | Entered Level 8 of the Lair of Beasts
 26029 | Lair:8   | Reached XP level 14. HP: 59/112 MP: 27/28
 29265 | Lair:8   | Reached skill level 18 in Unarmed Combat
 31120 | D:11     | Noticed Erolcha
 31127 | D:11     | Killed Erolcha
 31669 | D:12     | Noticed a yaktaur captain
 31716 | D:12     | Killed a yaktaur captain
 32031 | D:12     | Identified a +2 pair of elven boots of running (You found it on level 12 of the Dungeon)
 32360 | D:12     | Reached skill level 10 in Shields
 32726 | D:12     | Noticed Erica
 32774 | D:12     | Killed Erica
 32774 | D:12     | Reached skill level 15 in Fighting
 34324 | D:14     | Entered Level 14 of the Dungeon
 34332 | D:14     | Reached skill level 1 in Traps & Doors
 34335 | D:14     | Reached XP level 15. HP: 108/121 MP: 29/29
 34513 | D:14     | Found a bloodstained altar of Trog.
 34608 | D:14     | Noticed Bogman's ghost (powerful MfAK)
 34838 | D:14     | Killed Bogman's ghost
 35445 | D:14     | Learned a level 1 spell: Beastly Appendage
 35488 | D:14     | Reached skill level 19 in Unarmed Combat
 35553 | D:14     | You fall through a shaft!
 36337 | D:16     | Found Qatu's Magical Wand Emporium.
 36827 | D:17     | Gained mutation: You occasionally shout uncontrollably.
 36827 | D:17     | Gained mutation: You can spit poison.
 36827 | D:17     | Gained mutation: Your magical capacity is low (-10% MP).
 37994 | D:15     | Entered Level 15 of the Dungeon
 38750 | Orc:1    | Entered Level 1 of the Orcish Mines
 38886 | Orc:1    | Found a frozen archway.
 38907 | IceCv    | Entered an ice cave
 39829 | Orc:1    | Gained mutation: Your muscles are strong (Str +1).
 40157 | Orc:2    | Noticed Urug
 40267 | Orc:2    | Killed Urug
 41253 | Orc:3    | Found a staircase to the Elven Halls.
 41736 | Orc:4    | Entered Level 4 of the Orcish Mines
 41842 | Orc:4    | Found Salid's Jewellery Shop.
 42057 | Orc:4    | Noticed a rock troll
 42058 | Orc:4    | Noticed a two-headed ogre
 42058 | Orc:4    | Noticed a two-headed ogre
 42059 | Orc:4    | Noticed a two-headed ogre
 42059 | Orc:4    | Noticed a two-headed ogre
 42060 | Orc:4    | Noticed an ogre mage
 42062 | Orc:4    | Noticed a two-headed ogre
 42064 | Orc:4    | Noticed a cyclops
 42077 | Orc:4    | Killed a two-headed ogre
 42095 | Orc:4    | Killed a two-headed ogre
 42095 | Orc:4    | Killed an ogre mage
 42096 | Orc:4    | Killed a two-headed ogre
 42106 | Orc:4    | Killed a two-headed ogre
 42126 | Orc:4    | Killed a rock troll
 42126 | Orc:4    | Reached XP level 16. HP: 50/133 MP: 18/27
 42152 | Orc:4    | Killed a cyclops
 42176 | Orc:4    | Noticed an ogre mage
 42189 | Orc:4    | Killed an ogre mage
 42199 | Orc:4    | Reached skill level 20 in Unarmed Combat
 42200 | Orc:4    | Found Gahaim's Distillery.
 42200 | Orc:4    | Found Zifyroof's Armour Shop.
 42200 | Orc:4    | Found Lynuohos' Book Emporium.
 42200 | Orc:4    | Noticed a cyclops
 42209 | Orc:4    | Killed a two-headed ogre
 42222 | Orc:4    | Killed a cyclops
 42247 | Orc:4    | Noticed a rock troll
 42248 | Orc:4    | Found Khiq's Antique Armour Shoppe.
 42255 | Orc:4    | Killed a rock troll
 42319 | Orc:4    | Bought a +1 buckler of reflection for 390 gold pieces
 42334 | Orc:4    | Bought 2 potions of heal wounds for 84 gold pieces
 42334 | Orc:4    | Bought a potion of heal wounds for 42 gold pieces
 42347 | Orc:4    | Bought an ancient chain mail for 640 gold pieces
 42359 | Orc:4    | Identified the cursed -3 chain mail "Kiudank" (You bought it in a shop on level 4 of the Orcish Mines)
 42417 | Orc:4    | Noticed an orc high priest
 42438 | Orc:4    | Killed an orc high priest
 42618 | Orc:4    | Noticed a two-headed ogre
 42622 | Orc:4    | Killed a two-headed ogre
 42829 | Orc:4    | Noticed a cyclops
 42842 | Orc:4    | Killed a cyclops
 44416 | D:18     | Reached skill level 1 in Armour
 44607 | D:18     | Found a glowing golden altar of the Shining One.
 46556 | D:19     | Noticed a shining eye
 46556 | D:19     | a merfolk changed into a shining eye
 46560 | D:19     | Gained mutation: You have a fast metabolism.
 46564 | D:19     | Gained mutation: You sometimes yell uncontrollably.
 46587 | D:19     | Killed a shining eye
 46602 | D:19     | Found Sifiuphi's Assorted Antiques.
 47780 | D:19     | Found a staircase to the Vaults.
 47868 | D:19     | Gained mutation: You are partially covered in icy blue scales (AC +1).
 47868 | D:19     | Gained mutation: Your magical capacity is very low (-20% MP).
 47868 | D:19     | Gained mutation: You are resistant to hostile enchantments.
 47931 | D:20     | Entered Level 20 of the Dungeon
 47947 | D:20     | Found Dyakk's Magic Scroll Shoppe.
 48016 | D:20     | Reached skill level 5 in Armour
 49102 | D:20     | Reached XP level 17. HP: 134/141 MP: 25/25
 49682 | D:20     | Found a basalt altar of Yredelemnul.
 51885 | D:21     | Got a faintly humming chain mail
 51900 | D:21     | Identified the cursed -3 chain mail "Gyajeg" (You found it on level 21 of the Dungeon)
 52430 | D:21     | Found a gateway to Hell.
 53216 | D:22     | Found a one-way gate to the infinite horrors of the Abyss.
 53236 | D:22     | Reached skill level 5 in Evocations
 53419 | D:22     | Found Ympoaf's Assorted Antiques.
 55184 | D:22     | Noticed a guardian serpent
 55184 | D:22     | a draconian changed into a guardian serpent
 56196 | Swamp:1  | Entered Level 1 of the Swamp
 56462 | Swamp:1  | Noticed Agnes
 56474 | Swamp:1  | Killed Agnes
 57560 | Swamp:2  | Noticed Nikola
 57605 | Swamp:2  | Killed Nikola
 59134 | Swamp:3  | Identified 2 scrolls of acquirement
 59140 | Swamp:3  | Got a pair of heavily runed gloves
 59144 | Swamp:3  | Identified the -2 pair of gloves of Eqiukhlimm (You acquired it on level 3 of the Swamp)
 59150 | Swamp:3  | Got an ancient shield
 59159 | Swamp:3  | Identified the -3 shield of Limited Liability (You acquired it on level 3 of the Swamp)
 59397 | Swamp:3  | Noticed Norris
 59417 | Swamp:3  | Killed Norris
 59417 | Swamp:3  | Reached skill level 21 in Unarmed Combat
 59417 | Swamp:3  | Reached XP level 18. HP: 151/151 MP: 26/26
 61106 | Swamp:4  | Noticed Kirke
 61123 | Swamp:4  | Killed Kirke
 63242 | Swamp:5  | Entered Level 5 of the Swamp
 63572 | Swamp:5  | Was placed under penance by Fedhas
 64852 | Vault:1  | Entered Level 1 of the Vaults
 65178 | Vault:1  | Reached skill level 22 in Unarmed Combat
 65245 | Vault:1  | Was forgiven by Fedhas
 65659 | Vault:1  | You fall through a shaft!
 66313 | Vault:1  | Found Cijilama's Book Shoppe.
 66367 | Vault:1  | Bought a book of Spatial Translocations for 910 gold pieces
 66371 | Vault:1  | Learned a level 2 spell: Blink
 66376 | Vault:1  | Learned a level 2 spell: Shroud of Golubria
 66822 | Vault:1  | Reached XP level 19. HP: 123/160 MP: 18/27
 67441 | Vault:2  | Found a staircase to the Crypt.
 68531 | Vault:1  | Bought a book of Minor Magic for 280 gold pieces
 68536 | Vault:1  | Learned a level 2 spell: Repel Missiles
 68541 | Vault:1  | Learned a level 3 spell: Conjure Flame
 68552 | Vault:1  | Learned a level 3 spell: Mephitic Cloud
 69010 | Vault:3  | Found Zekh's Armour Emporium.
 69016 | Vault:3  | Noticed a deep elf conjurer
 69021 | Vault:3  | Reached skill level 1 in Charms
 69057 | Vault:3  | Killed a deep elf conjurer
 69067 | Vault:3  | Noticed a deep elf priest
 69118 | Vault:3  | Killed a deep elf priest
 69451 | Vault:3  | Learned a level 4 spell: Control Teleport
 69564 | Vault:3  | Noticed Frances
 69583 | Vault:3  | Killed Frances
 69963 | Vault:3  | Paralysed by a red wasp for 3 turns
 70260 | Vault:3  | Noticed a deep elf mage
 70271 | Vault:3  | Killed a deep elf mage
 70976 | Vault:3  | Noticed Mennas
 71017 | Vault:4  | Lost mutation: You can spit poison.
 71017 | Vault:4  | Lost mutation: You have a fast metabolism.
 71017 | Vault:4  | Lost mutation: Your muscles are strong (Str +1).
 71017 | Vault:4  | Lost mutation: Your magical capacity is very low (-20% MP).
 71970 | Vault:3  | Found Shos' Armour Shoppe.
 72051 | Vault:3  | Killed Mennas
 72051 | Vault:3  | Reached skill level 5 in Charms
 72483 | Vault:3  | Reached XP level 20. HP: 101/169 MP: 19/30
 72759 | Vault:4  | Found a staircase to the Hall of Blades.
 74274 | Swamp:5  | Noticed Wiglaf
 74741 | Swamp:5  | Was placed under penance by Fedhas
 74793 | Swamp:5  | HP: 8/169 [four-headed hydra (1)]
 74793 | Swamp:5  | Slain by a four-headed hydra
